 Dungeon Crawl Stone Soup version 0.17.1-3-g152610e (webtiles) character file.

457 MajorLove the Cudgeler (level 6, 0/58 HPs)
             Began as a Troll Warper on Apr 15, 2016.
             Slain by a worker ant (2 damage)
             ... on level 4 of the Dungeon.
             The game lasted 00:12:13 (2683 turns).

MajorLove the Cudgeler (Troll Warper)               Turns: 2683, Time: 00:12:14

Health: 0/58       AC:  5    Str: 20    XL:     6   Next: 77%
Magic:  6/6        EV: 10    Int: 11    God:
Gold:   284        SH:  0    Dex:  9    Spells: 2 memorised, 4 levels left

rFire  . . .     SeeInvis .     q - +0 giant spiked club
rCold  . . .     Clarity  .     b - +0 robe
rNeg   . . .     SustAt   .     (shield currently unavailable)
rPois  .         Gourm    +     (helmet restricted)
rElec  .         Spirit   .     (no cloak)
rCorr  .         Warding  .     (gloves unavailable)
rMut   .         Stasis   .     (boots unavailable)
MR     .....                    (no amulet)
Stlth  +.........               (no ring)
                                (no ring)

@: lethally poisoned (0 -> -7), not resistant to hostile enchantments, very
unstealthy
A: unfitting armour, claws 3, fast metabolism 3, gourmand, regeneration 2,
shaggy fur 1, tough skin 2
a: no special abilities


You were on level 4 of the Dungeon.
You were very full.

You visited 1 branch of the dungeon, and saw 4 of its levels.

You collected 284 gold pieces.

Inventory:

Hand Weapons
 q - a +0 giant spiked club (weapon)
Missiles
 e - 5 tomahawks of dispersal (quivered)
Armour
 b - a +0 robe (worn)
Jewellery
 a - an uncursed ring of magical power {unknown}
 l - a cursed amulet of inaccuracy {unknown}
Scrolls
 d - 2 scrolls of blinking
 g - 3 scrolls of remove curse {unknown}
 i - a scroll of fear {unknown}
 k - 2 scrolls of recharging {unknown}
 m - a scroll of noise {unknown}
 n - a scroll of identify {unknown}
Potions
 o - a potion of haste {unknown}
 p - a potion of cancellation {unknown}
Books
 c - a book of Spatial Translocations

   Spells                             Type                      Level
   a - Apportation                    Translocation                1
   b - Blink                          Translocation                2
   c - Shroud of Golubria             Charms/Translocation         2
   d - Portal Projectile              Translocation                3
   e - Teleport Other                 Translocation                3
   f - Passage of Golubria            Translocation                4
Comestibles
 f - 7 bread rations
 h - 2 meat rations
 j - a beef jerky


   Skills:
 - Level 2.3 Fighting
 + Level 5.0 Maces & Flails
 - Level 0.8 Throwing
 - Level 1.9 Dodging
 - Level 1.2 Spellcasting
 - Level 4.0 Translocations


You had 4 spell levels left.
You knew the following spells:

 Your Spells              Type           Power        Failure   Level  Hunger
a - Apportation           Tloc           #.........   10%         1    ##.....
b - Blink                 Tloc           N/A          12%         2    ###....


Dungeon Overview and Level Annotations

Branches:
Dungeon (4/15)
 Temple: D:4-7

Altars:
Cheibriados
Gozag
Zin

Annotations:
D:4 Natasha


Innate Abilities, Weirdness & Mutations

You are too large for most types of armour.
You have claws for hands.
Your metabolism is lightning-fast.
You like to eat raw meat.
You heal very quickly.
You are covered in fur (AC +1).
You have very tough skin (AC +2).


Message History

* * * LOW HITPOINT WARNING * * *
You closely miss the worker ant.
The worker ant is severely wounded.
You feel very sick. The worker ant closely misses you.
The worker ant bites you.
* * * LOW HITPOINT WARNING * * *
You closely miss the worker ant.
The worker ant is severely wounded.
You feel sick.
The worker ant bites you but does no damage.
The worker ant bites you.
* * * LOW HITPOINT WARNING * * *
You closely miss the worker ant.
The worker ant is severely wounded.
* * * LOW HITPOINT WARNING * * *
You feel sick. The worker ant bites you.
* * * LOW HITPOINT WARNING * * *
You are more poisoned.
The worker ant poisons you! The worker ant bites you.
You die...

#.....######......# ###>#.......
#(.............^..####...........
#......######.......##.##........
#......# #....##.##.##..#'###o
#......# #....##....###.#.# #.
#.....## #....####### #.#.# #.
####### #....# #...###. #....#
#....... #...@# #....... #...a#
#.#.###. #.....# #.......
#....... ......##. ###.......
.......##. #................#.
#................#. #....?.... .
#. #.......l. #.


You could see a worker ant.

Vanquished Creatures
  2 ogres (D:4)
  2 orc priests (D:4)
  2 orc wizards (D:4)
  A worker ant (D:4)
  2 hound skeletons (D:4)
  3 adders
  2 oozes
  An adder skeleton (D:4)
  A worm (D:4)
  A giant gecko (D:3)
  11 orcs
  6 giant cockroaches
  12 goblins
  4 hobgoblins
  2 jackals (D:2)
  8 kobolds
  8 bats
  4 giant newts
  4 quokkas
  2 rats
78 creatures vanquished.

Notes
Turn   | Place    | Note
--------------------------------------------------------------
     0 | D:1      | MajorLove the Troll Warper began the quest for the Orb.
     0 | D:1      | Reached XP level 1. HP: 19/19 MP: 1/1
    80 | D:1      | Found a snail-covered altar of Cheibriados.
   223 | D:1      | Reached XP level 2. HP: 25/28 MP: 2/2
   705 | D:2      | Reached XP level 3. HP: 31/35 MP: 3/3
   735 | D:2      | Found a faded altar to an unknown god.
   805 | D:2      | Reached skill level 3 in Maces & Flails
   912 | D:2      | Learned a level 2 spell: Blink
  1282 | D:3      | Reached XP level 4. HP: 37/44 MP: 4/4
  1704 | D:3      | Found an opulent altar of Gozag.
  1705 | D:3      | Found a glowing silver altar of Zin.
  2059 | D:4      | Noticed an ogre
  2115 | D:4      | Killed an ogre
  2115 | D:4      | Reached skill level 4 in Translocations
  2115 | D:4      | Reached XP level 5. HP: 37/50 MP: 5/5
  2245 | D:4      | Noticed an ogre
  2274 | D:4      | Killed an ogre
  2274 | D:4      | Reached XP level 6. HP: 48/58 MP: 6/6
  2416 | D:4      | Noticed Natasha
  2660 | D:4      | Reached skill level 5 in Maces & Flails
  2683 | D:4      | HP: 2/58 [worker ant (1)]
  2683 | D:4      | Slain by a worker ant

Action                   |  1- 3 |  4- 6 || total
-------------------------+-------+-------++-------
Melee: Mace              |   120 |    92 ||   212
       Giant club        |       |    19 ||    19
       Giant spiked club |       |    58 ||    58
 Stab: Sleeping          |       |     1 ||     1
  Eat: Chunk             |    16 |    13 ||    29
